 Dungeon Crawl Stone Soup version 0.27.1-3-gb3d3a73c9e (webtiles) character file.

Game seed: 6984533330505217762

122131 Urokeeper the Warrior (level 16, -7/112 HPs)
             Began as a Gargoyle Fighter on Oct 8, 2021.
             Was the Champion of Makhleb.
             Mangled by a guardian serpent (16 damage)
             ... on level 4 of the Snake Pit.
             The game lasted 02:32:41 (32003 turns).

Urokeeper the Warrior (Gargoyle Fighter)           Turns: 32003, Time: 02:32:42

Health: -7/112     AC: 38    Str: 34    XL:     16   Next: 86%
Magic:  21/21      EV:  5    Int: 11    God:    Makhleb [******]
Gold:   712        SH: 23    Dex: 16    Spells: 15/15 levels left

rFire    + + +     SeeInvis +   L - +5 flail "Beetle's Peril" {elec, rPois rF+ Int+2 Dex-5}
rCold    + . .     Faith    .   w - +0 tower shield of Nihilism {Drain rCorr Str+5 Int+3}
rNeg     + . .     Spirit   .   p - +0 plate armour "Mahucseo" {rC+ Str+4}
rPois    ∞         Reflect  .   T - +2 helmet {SInv}
rElec    +         Harm     +   n - +0 cloak
rCorr    +         Rampage  .   j - +0 pair of gloves
Will     +....                  B - +2 pair of boots of Indemnity {Harm rF++ Int-5}
Stlth    ..........             q - amulet of regeneration
HPRegen  1.28/turn              R - +6 ring of dexterity
MPRegen  0.17/turn              N - +6 ring of dexterity

@: attractive, flying, constricted, studying 2 skills
A: sickness immunity, AC +12, big wings, negative energy resistance 1,
electricity resistance, torment resistance 1, petrification resistance
a: Renounce Religion, Minor Destruction, Lesser Servant of Makhleb, Major
Destruction, Greater Servant of Makhleb


You were on level 4 of the Snake Pit.
You worshipped Makhleb.
Makhleb was exalted by your worship.
You visited 5 branches of the dungeon, and saw 25 of its levels.
You visited 1 bazaar.
You also visited: Ossuary.

You collected 1698 gold pieces.
You spent 986 gold pieces at shops.

Inventory:

Hand Weapons
 L - the +5 flail "Beetle's Peril" (weapon) {elec, rPois rF+ Int+2 Dex-5}
   (You took it off a naga ritualist on level 2 of the Snake Pit)

   It occasionally discharges a powerful burst of electricity upon striking a
   foe.
   Int:       It affects your intelligence (+2).
   Dex:       It affects your dexterity (-5).
   rF:        It protects you from fire.
   rPois:     It protects you from poison.
 U - the +1 morningstar "Anwugaamn" {flame, *Noise Will+ rCorr}
   (You bought it in a shop in a bazaar)

   It burns those it strikes, dealing additional fire damage.
   *Noise:    It may make noises in combat.
   rCorr:     It protects you from acid and corrosion.
   Will:      It increases your willpower.
Missiles
 i - 6 atropa-tipped darts (quivered)
 u - 83 poisoned darts
Armour
 h - +1 acid dragon scales
 j - a +0 pair of gloves (worn)
 n - a +0 cloak (worn)
 p - the +0 plate armour "Mahucseo" (worn) {rC+ Str+4}
   (You took it off a salamander on level 2 of the Snake Pit)

   Str:       It affects your strength (+4).
   rC:        It protects you from cold.
 w - the +0 tower shield of Nihilism (worn) {Drain rCorr Str+5 Int+3}
   (You bought it in a shop on level 4 of the Snake Pit)

   Str:       It affects your strength (+5).
   Int:       It affects your intelligence (+3).
   rCorr:     It protects you from acid and corrosion.
   Drain:     It drains your maximum health when unequipped.
 B - the +2 pair of boots of Indemnity (worn) {Harm rF++ Int-5}
   (You bought it in a shop in a bazaar)

   Int:       It affects your intelligence (-5).
   rF:        It greatly protects you from fire.
   Harm:      It increases damage dealt and taken.
 P - a +2 chain mail of willpower
 T - a +2 helmet of see invisible (worn)
Jewellery
 b - a +6 ring of intelligence
 q - an amulet of regeneration (around neck)
 t - a ring of see invisible
 v - a ring of fire
 y - an amulet of the acrobat
 C - a ring of positive energy
 N - a +6 ring of dexterity (right hand)
 R - a +6 ring of dexterity (left hand)
 S - an amulet of faith
Wands
 e - a wand of flame (63)
 r - a wand of acid (3)
 D - a wand of polymorph (7)
 E - a wand of iceblast (27)
 K - a wand of mindburst (10)
 V - a wand of paralysis (10)
Scrolls
 z - 2 scrolls of immolation
 A - 2 scrolls of amnesia
 F - a scroll of identify
 G - a scroll of magic mapping
 J - a scroll of noise
 Q - 3 scrolls of vulnerability
Potions
 c - a potion of mutation
 f - 2 potions of curing
 k - 2 potions of flight
 o - 5 potions of brilliance
Miscellaneous
 a - a condenser vane
 g - a box of beasts (inert)
 m - a piece from Xom's chessboard (15/15)


   Skills:
 - Level 16.8 Fighting
 - Level 16.5 Maces & Flails
 - Level 14.1 Armour
 - Level 1.8 Dodging
 - Level 1.3 Stealth
 + Level 16.1 Shields
 - Level 7.2 Invocations
 - Level 0.2 Evocations


You had 15 spell levels left.
You didn't know any spells.
Your spell library contained the following spells:

 Spells                   Type           Power      Damage    Failure   Level
 Corona                   Hex            0%         N/A       99%         1
 Summon Small Mammal      Summ           0%         N/A       99%         1
 Corpse Rot               Necr/Air       N/A        N/A       100%        2
 Ensorcelled Hibernation  Hex/Ice        0%         N/A       100%        2
 Slow                     Hex            0%         N/A       100%        2
 Call Canine Familiar     Summ           0%         N/A       100%        3
 Confusing Touch          Hex            0%         N/A       100%        3
 Dazzling Flash           Conj/Hex       0%         N/A       100%        3
 Ozocubu's Armour         Ice            0%         N/A       100%        3
 Stone Arrow              Conj/Erth      0%         3d7       100%        3
 Summon Guardian Golem    Hex/Summ       0%         N/A       100%        3
 Tukima's Dance           Hex            0%         N/A       100%        3
 Vampiric Draining        Necr           0%         2d6       100%        3
 Airstrike                Air            0%         N/A       100%        4
 Dispel Undead            Necr           0%         3d6       100%        4
 Iskenderun's Mystic Bla  Conj/Tloc      0%         2d3       100%        4
 Leda's Liquefaction      Hex/Erth       0%         N/A       100%        4
 Summon Lightning Spire   Summ/Air       0%         N/A       100%        4
 Bolt of Magma            Conj/Fire/Erth 0%         4d4       100%        5
 Lightning Bolt           Conj/Air       0%         1d11      100%        5
 Summon Forest            Summ/Tloc      0%         N/A       100%        5
 Yara's Violent Unravell  Hex/Tmut       0%         3d3       100%        5
 Death Channel            Necr           0%         N/A       100%        6
 Eringya's Noxious Bog    Tmut/Pois      0%         N/A       100%        6
 Starburst                Conj/Fire      0%         6d3       100%        6
 Ozocubu's Refrigeration  Ice            0%         4d5       100%        7
 Summon Hydra             Summ           0%         N/A       100%        7
 Shatter                  Erth           0%         3d5*      100%        9
 Statue Form              Tmut/Erth      Unusable   N/A       N/A         6

Dungeon Overview and Level Annotations

Branches:
Dungeon (12/15)            Temple (1/1) D:6            Lair (6/6) D:10
 Shoals (0/4) Lair:3        Snake (4/4) Lair:3        Slime (0/5) Lair:6
    Orc (2/2) D:10        Ossuary (visited)
    Elf: Orc:2

Altars:
Ashenzari
Cheibriados
Dithmenos
Elyvilon
Fedhas
Gozag
Hepliaklqana
Kikubaaqudgha
Makhleb
Nemelex Xobeh
Okawaru
Qazlal
Ru
Sif Muna
Trog
Uskayaw
Vehumet
Wu Jian
Xom
Yredelemnul
Zin
The Shining One
Beogh

Shops:
Orc:2 :?*   Snake:1 *=   Snake:4 ([[(

Annotations:
D:3 2 transporters, BigDaddyOpFi's ghost, amateur DrFi
D:7 1 runed translucent door, BigDaddyOpFi's ghost, novice DrBe
D:12 Josephine
Lair:3 1 runed translucent door, Yjeari's ghost, journeyman GrMo


Innate Abilities, Weirdness & Mutations

You are immune to sickness and miasma.
Your stone body is resilient. (AC +12)
You are immune to poison.
Your large and strong wings let you fly.
You resist negative energy. (rN+)
You are resistant to electric shocks. (rElec)
You are resistant to unholy torment.
You are immune to petrification.


Message History

The anaconda bites you but does no damage.
The naga mage hits you but does no damage.
The guardian serpent coils itself and waves its upper body at you.
The bolt of poison hits you but does no damage.
You resist.
The bolt of poison hits the naga.
You hit the naga.
The naga is severely wounded.
The guardian serpent hits you but does no damage.
The anaconda bites you but does no damage.
The naga spits poison at you. You block the splash of poison.
The naga mage spits poison at you.
The splash of poison hits you but does no damage.
You resist. The guardian serpent hits you!
* * * LOW HITPOINT WARNING * * *
The naga hits you but does no damage. The naga constricts you.
You sock the naga!
You kill the naga!
Makhleb accepts your kill.
You feel better. The anaconda grabs you. You block the anaconda's attack.
The anaconda constricts you.
You block the guardian serpent's attack.
The naga mage hits you but does no damage.
The guardian serpent hits you.
* * * LOW HITPOINT WARNING * * *
You block the anaconda's attack. The anaconda constricts you.
* * * LOW HITPOINT WARNING * * *
The guardian serpent casts a spell at you.
The bolt of poison hits you but does no damage.
You resist. The naga spits poison at you.
The splash of poison hits you but does no damage.
The anaconda's grasp on you weakens, but your attempt to escape fails.
You block the guardian serpent's attack.
You block the naga mage's attack. You block the anaconda's attack.
The anaconda constricts you.
* * * LOW HITPOINT WARNING * * *
You block the guardian serpent's attack.
The naga hits you but does no damage. The guardian serpent hits you!
You die...

#....##..#...##..§§# #
#....##.##...##.#..#####
#....#..#.....###"..##..
#.#.....#.....###S.##...
#.#.....#)#...##..##....
#.##.§§.#§.)...NS##.....
####.§§#§####..N.#....#.
##§§S#§######.#......
##§S@#§..####.....∩..
#.§NNS§..[.####......
#§..§.###.#..##....#.
#......###.(#.##.....
#.......####...##....
#.#...##.#########...
##.##..###.######.##..
#...##).###........###
###..##[)######.......


You could see an anaconda, 2 guardian serpents, a naga mage (fast, catching
breath) and a naga (curare, catching breath).

Vanquished Creatures
  4 nagarajas
  7 hydras
  14 naga warriors
  A catoblepas (Lair:5)
  24 anacondas
  4 two-headed ogres
  A deep troll shaman (Lair:6)
  10 naga sharpshooters
  5 death yaks
  4 shock serpents
  2 salamander mystics
  7 naga ritualists
  10 mana vipers
  2 orc knights
  2 oklob plants
  An orc sorcerer (Orc:2)
  16 salamanders
  A manticore (D:11)
  21 elephants
  5 cane toads
  7 guardian serpents
  16 naga magi
  27 black mambas
  A torpor snail (Lair:2)
  Psyche (D:11)
  4 komodo dragons
  A rime drake (Lair:3)
  2 trolls (D:11)
  3 polar bears
  4 slime creatures
  14 blink frogs
  3 dream sheep (Lair:2)
  A shadow (D:9)
  4 wraiths
  4 wyverns
  Eustachio (D:4)
  4 basilisks
  36 yaks
  5 vampire mosquitoes (D:11)
  3 wargs (Orc:2)
  44 nagas
  An acid dragon (D:9)
  10 water moccasins
  14 orc warriors
  2 ice beasts
  A black bear (Lair:6)
  3 ogres
  2 necrophages (D:5)
  22 wolves
  5 centaurs
  2 elf zombies (Ossuary)
  4 kobold brigands
  13 bullfrogs
  2 wyvern zombies
  A gnoll sergeant (D:9)
  2 scorpions
  A wyvern skeleton (D:3)
  A water moccasin skeleton (D:5)
  5 wights (D:8)
  A howler monkey (D:7)
  An electric eel (Lair:4)
  4 centaur zombies
  7 human zombies (Ossuary)
  11 orc priests
  A hound (D:5)
  3 jellies
  2 centaur skeletons (D:6)
  A bullfrog skeleton (D:7)
  A gnoll shaman (D:7)
  Jessica (D:2)
  4 iguanas
  14 orc wizards
  9 hell rats
  A killer bee zombie (D:9)
  3 mummies (Ossuary)
  11 gnolls
  4 adders
  A white imp (D:7)
  An ufetubus (D:5)
  2 worms
  3 dart slugs
  55 orcs
  9 endoplasms
  A giant cockroach (D:2)
  6 goblins
  7 hobgoblins
  3 quokkas
  7 ball pythons
  3 bats
  6 frilled lizards
  25 kobolds
  8 rats
  A fire vortex (Orc:1)
634 creatures vanquished.

Vanquished Creatures (collateral kills)
  An anaconda (Snake:4)
  2 death yaks
  A naga ritualist (Snake:1)
  A salamander (Snake:1)
  3 black mambas
  A guardian serpent (Snake:1)
  A naga mage (Snake:1)
  2 nagas (Snake:1)
  A jelly (Lair:6)
13 creatures vanquished.

Vanquished Creatures (others)
  A guardian serpent (Snake:4)
  An orc wizard (D:7)
  29 fungi
  76 plants
  2 withered plants (D:7)
109 creatures vanquished.

Grand Total: 756 creatures vanquished

Notes
Turn   | Place    | Note
-------+----------+-------------------------------------------
     0 | D:1      | Urokeeper the Gargoyle Fighter began the quest for the Orb.
     0 | D:1      | Reached XP level 1. HP: 14/14 MP: 1/1
   214 | D:1      | Reached XP level 2. HP: 19/19 MP: 2/2
   729 | D:1      | Reached XP level 3. HP: 19/23 MP: 3/3
  1064 | D:2      | Noticed Jessica
  1071 | D:2      | Killed Jessica
  1072 | D:2      | Reached XP level 4. HP: 25/28 MP: 4/4
  1251 | D:2      | Found a glowing golden altar of the Shining One.
  1998 | D:3      | Reached XP level 5. HP: 4/33 MP: 5/5
  2549 | D:2      | Reached XP level 6. HP: 10/38 MP: 6/6
  2830 | D:3      | Found a transporter.
  2866 | D:3      | Found a transporter.
  2867 | D:3      | Noticed BigDaddyOpFi's ghost (amateur DrFi)
  3731 | D:4      | Reached skill level 5 in Shields
  4082 | D:4      | Noticed Eustachio
  4086 | D:4      | Killed Eustachio
  4087 | D:4      | Reached skill level 5 in Armour
  4087 | D:4      | Reached skill level 1 in Dodging
  4087 | D:4      | Reached XP level 7. HP: 42/42 MP: 7/7
  4259 | D:5      | Entered Level 5 of the Dungeon
  4273 | D:5      | Found a sand-covered staircase.
  4279 | Ossuary  | Entered an ossuary
  4359 | Ossuary  | Reached skill level 5 in Maces & Flails
  4483 | Ossuary  | Reached XP level 8. HP: 48/48 MP: 8/8
  4843 | D:5      | Reached skill level 5 in Fighting
  5844 | D:6      | Found a staircase to the Ecumenical Temple.
  5858 | Temple   | Entered the Ecumenical Temple
  5909 | Temple   | Became a worshipper of Makhleb the Destroyer
  6074 | D:6      | Noticed a yak
  6105 | D:6      | Noticed a yak
  6107 | D:6      | Noticed a yak
  6354 | D:6      | Reached XP level 9. HP: 53/55 MP: 9/9
  6539 | D:6      | You fall into a shaft and drop 2 floors!
  6733 | D:8      | Found a sacrificial altar of Ru.
  7178 | D:7      | Found a white marble altar of Elyvilon.
  7296 | D:7      | Reached * piety under Makhleb
  7924 | D:6      | Reached skill level 1 in Stealth
  8547 | D:7      | Reached XP level 10. HP: 37/63 MP: 10/10
  8695 | D:7      | Found a runed translucent door.
  8695 | D:7      | Noticed BigDaddyOpFi's ghost (novice DrBe)
 10145 | D:9      | Reached ** piety under Makhleb
 10910 | D:10     | Entered Level 10 of the Dungeon
 10935 | D:10     | Noticed a two-headed ogre
 10964 | D:10     | Killed a two-headed ogre
 10965 | D:10     | Reached skill level 10 in Fighting
 11681 | D:10     | Found a shimmering blue altar of Sif Muna.
 11681 | D:10     | Found a basalt altar of Yredelemnul.
 11806 | D:10     | Found a staircase to the Lair.
 11806 | D:10     | Noticed an oklob plant
 11831 | D:10     | Found a broken altar of Ashenzari.
 12006 | D:10     | Noticed a two-headed ogre
 12036 | D:10     | Killed a two-headed ogre
 12394 | D:10     | Found a staircase to the Orcish Mines.
 12497 | D:11     | Reached skill level 10 in Maces & Flails
 12600 | D:11     | Reached XP level 11. HP: 68/74 MP: 11/11
 12753 | D:11     | Noticed a two-headed ogre
 12775 | D:11     | Killed a two-headed ogre
 12859 | D:11     | Found a sparkling altar of Nemelex Xobeh.
 13081 | D:11     | Noticed a manticore
 13441 | D:12     | Noticed Josephine
 13463 | D:11     | Killed a manticore
 13827 | D:11     | Noticed Psyche
 13846 | D:11     | Killed Psyche
 14120 | D:10     | Killed an oklob plant
 14263 | Lair:1   | Entered Level 1 of the Lair of Beasts
 15003 | Lair:1   | Noticed a four-headed hydra
 15193 | Orc:1    | Entered Level 1 of the Orcish Mines
 15193 | Orc:1    | Noticed an orc knight
 15199 | Orc:2    | Entered Level 2 of the Orcish Mines
 15354 | D:10     | Killed an orc knight
 15746 | Orc:1    | Reached *** piety under Makhleb
 15773 | Orc:1    | Reached XP level 12. HP: 84/84 MP: 12/12
 15958 | Orc:2    | Noticed a two-headed ogre
 15980 | Orc:1    | Killed a two-headed ogre
 16558 | Orc:2    | Found Xitsam's Book Shop.
 16652 | Orc:2    | Found Diquet's Magic Scroll Shop.
 16910 | Orc:2    | Found Avaw's Assorted Antiques.
 17360 | Orc:2    | Reached **** piety under Makhleb
 17361 | Orc:2    | Noticed an orc high priest
 17678 | Lair:1   | Killed a four-headed hydra
 17835 | Lair:1   | Found a blossoming altar of Fedhas.
 17995 | Lair:1   | Reached skill level 10 in Shields
 18888 | Lair:2   | You fall into a shaft and drop 1 floor!
 19234 | Lair:3   | Noticed an eight-headed hydra
 19787 | Lair:4   | Reached XP level 13. HP: 86/88 MP: 13/13
 20495 | Lair:5   | Reached ***** piety under Makhleb
 20834 | Lair:5   | You fall into a shaft and drop 1 floor!
 20834 | Lair:6   | Entered Level 6 of the Lair of Beasts
 21310 | Lair:5   | Reached skill level 10 in Armour
 22468 | Lair:6   | Reached skill level 1 in Invocations
 22833 | Lair:6   | Found a staircase to the Slime Pits.
 23260 | Lair:6   | Reached skill level 5 in Invocations
 23530 | Lair:6   | Gained mutation: Your large and strong wings let you fly.
                  | [Gargoyle growth]
 23530 | Lair:6   | Reached XP level 14. HP: 55/96 MP: 18/18
 24094 | Lair:6   | Noticed a dire elephant
 24105 | Lair:6   | Noticed a cacodemon
 25097 | Lair:3   | Found a staircase to the Shoals.
 25216 | Lair:3   | Found a staircase to the Snake Pit.
 25388 | Lair:3   | Found a runed translucent door.
 25394 | Lair:3   | Identified the +10 spear of Charity {holy, *Rage rN+ Int+4}
 25396 | Lair:3   | Noticed Yjeari's ghost (journeyman GrMo)
 25505 | Lair:3   | Reached skill level 15 in Maces & Flails
 26041 | Snake:1  | Entered Level 1 of the Snake Pit
 26432 | Snake:1  | HP: 4/96 [constriction (1)]
 26454 | Snake:1  | HP: 4/96 [constriction (3)]
 26739 | Snake:1  | Found Muoty's Assorted Antiques.
 27429 | Snake:1  | Found Irin's Jewellery Boutique.
 27721 | Snake:1  | Identified the +9 spear of the Everdark {venom, *Noise
                  | rCorr Int-3 Dex+8}
 28142 | Snake:2  | Found a flickering gateway to a bazaar.
 28162 | Bazaar   | Entered a bazaar
 28162 | Bazaar   | Found Paw Darph's Jewellery Shoppe.
 28162 | Bazaar   | Found Qoewnill's Antique Armour Boutique.
 28162 | Bazaar   | Found Yshru's Antique Weapon Shoppe.
 28162 | Bazaar   | Found Cauzoix's Distillery.
 28164 | Bazaar   | Found Siuceg's Antique Armour Emporium.
 28164 | Bazaar   | Found Miuphoas's Antique Weapon Shop.
 28189 | Bazaar   | Bought a slimy morningstar for 324 gold pieces
 28189 | Bazaar   | Identified the +1 morningstar "Anwugaamn" {flame, *Noise
                  | Will+ rCorr} (You bought it in a shop in a bazaar)
 28220 | Bazaar   | Bought a pair of heavily runed boots for 266 gold pieces
 28220 | Bazaar   | Identified the +2 pair of boots of Indemnity {Harm rF++
                  | Int-5} (You bought it in a shop in a bazaar)
 28245 | Snake:2  | Noticed a nagaraja
 28251 | Snake:2  | Killed a nagaraja
 28274 | Snake:2  | Reached skill level 15 in Fighting
 28274 | Snake:2  | Reached XP level 15. HP: 103/103 MP: 20/20
 29806 | Snake:2  | Identified the +5 flail "Beetle's Peril" {elec, rPois rF+
                  | Int+2 Dex-5}
 29959 | Snake:2  | Identified the +0 plate armour "Mahucseo" {rC+ Str+4}
 30415 | Snake:3  | Reached XP level 16. HP: 107/110 MP: 21/21
 30702 | Snake:3  | Identified 2 scrolls of acquirement
 30703 | Snake:3  | Acquired a manual of Fighting
 30705 | Snake:3  | Acquired a manual of Armour
 31097 | Snake:4  | Entered Level 4 of the Snake Pit
 31553 | Snake:4  | Found Viuzofu's Antique Armour Shop.
 31554 | Snake:4  | Found Jyzxului's Weapon Shop.
 31554 | Snake:4  | Found Enwashru's Antique Weapon Boutique.
 31557 | Snake:4  | Found Cugeczye's Armour Boutique.
 31568 | Snake:4  | Bought the +0 tower shield of Nihilism {Drain rCorr Str+5
                  | Int+3} for 396 gold pieces
 31655 | Snake:4  | Noticed a nagaraja
 31688 | Snake:4  | Killed a nagaraja
 31755 | Snake:4  | Reached skill level 15 in Shields
 31806 | Snake:4  | Noticed a nagaraja
 31817 | Snake:4  | Killed a nagaraja
 31855 | Snake:4  | Reached ****** piety under Makhleb
 31892 | Snake:4  | Noticed a nagaraja
 31914 | Snake:4  | Killed a nagaraja
 32003 | Snake:4  | Mangled by a guardian serpent

Illustrated notes

Levels and vault maps discovered:
D:1:      minmay_arrival_open_corners, layout_rooms, minmay_split_cup_small
D:2:      layout_loops_ring, basic_altar, uniq_jessica
D:3:      layout_rooms, gammafunk_ghost_mausoleum, minmay_misc_feat_chi,
          wander_ebering_terrifying_dragon_lair
D:4:      layout_cave_pools, minmay_splitting_lines, uniq_eustachio
D:5:      layout_layer_cave, nicolae_ossuary_entry_plus
D:6:      layout_gridville, minmay_temple_entry_overgrown
D:7:      layout_cave_pods, kennysheep_little_box, gammafunk_ghost_grave,
          minmay_manual_moon
D:8:      layout_rooms, mainiacjoe_overflow_alcove_1
D:9:      layout_irregular_city
D:10:     layout_basic, marbit_many_paths, gammafunk_temple_overflow_pools,
          dpeg_oklobed_lair, orc_0_dummy
D:11:     layout_loops_ring, nemelex_diamond_rough_becter, uniq_psyche
D:12:     layout_rooms, hangedman_parallel_progression, uniq_josephine
Temple:   minmay_crystal_spiral_temple
Lair:1:   layout_concentric_octagons, basic_altar, minmay_lair_oklob_chamber,
          lemuel_fruit_tree, grunt_megastairs_4, serial_bayou_shore_b,
          infiniplex_staircase_pool_2
Lair:2:   layout_misc_corridors, chequers_serial_rivers_micro_a
Lair:3:   layout_cave_pods, shoals_dummy_entry, guppyfry_snake_entry_garden,
          ebering_ghost_funeral_grove
Lair:4:   layout_hall_layers, serial_bayou, serial_bayou_pond_b,
          serial_bayou_pond_e, serial_bayou_pond_c, serial_bayou_shore_a,
          amcnicky_mini_pool_medium, grunt_megastairs_2
Lair:5:   layout_hall_layers, minivault_26
Lair:6:   grunt_lair_end_beastmaster, layout_gridlike,
          minmay_slime_entry_pillars, serial_rivers,
          chequers_serial_rivers_micro_b, chequers_serial_rivers_micro_e,
          chequers_serial_rivers_marsh, chequers_serial_rivers_micro_d,
          chequers_serial_rivers_small_3, infiniplex_staircase_pool
Snake:1:  layout_onion, serial_shops, nicolae_shop_stone, shop_statue
Snake:2:  layout_layer_cave, serial_shops, bzr_entry_gold,
          nicolae_snake_storage_room
Snake:3:  layout_honeycomb
Snake:4:  grunt_snake_rune_serpentine_throne, layout_onion_interference,
          grunt_ministairs_6, minmay_shoptagon
Orc:1:    layout_caves, serial_shops, shop_fountains, nicolae_orc_lava_tube,
          led_sif_book
Orc:2:    grunt_orc_community_town_hall, layout_diamond_mine,
          grunt_orc_community_big_house_1, grunt_orc_community_big_house_2,
          grunt_orc_community_house_3, grunt_orc_community_house_1,
          grunt_orc_community_house_3, grunt_orc_community_house_2,
          grunt_orc_community_house_1, grunt_orc_community_house_1,
          serial_shops, nicolae_shop_stone

Skill      XL: |  1  2  3  4  5  6  7  8  9 10 11 12 13 14 15 16 |
---------------+-------------------------------------------------+-----
Maces & Flails | 3 4 5 7 9 10 13 14 15 16 | 16.5
Armour         | 4 5 6 7 9 10 11 13 14 | 14.1
Shields        | 4 5 7 11 12 13 14 16 | 16.1
Dodging        | 1 |  1.8
Fighting       | 4 5 7 11 13 14 15 16 | 16.8
Stealth        | 1 |  1.3
Invocations    | 5 7 |  7.2
Evocations     | |  0.2

Action                   |  1- 3 |  4- 6 |  7- 9 | 10-12 | 13-15 | 16-18 || total
-------------------------+-------+-------+-------+-------+-------+-------++-------
Melee: Flail             |    93 |   249 |   483 |   942 |  1158 |   314 ||  3239
       Morningstar       |       |       |       |       |   308 |       ||   308
Throw: Dart              |       |       |     1 |    12 |       |       ||    13
Invok: Minor Destruction |       |       |       |     1 |       |       ||     1
       Major Destruction |       |       |       |       |     7 |       ||     7
       Lesser Servant of |       |       |       |       |     2 |       ||     2
       Greater Servant o |       |       |       |       |     2 |       ||     2
Evoke: Wand              |       |     1 |     3 |     3 |       |       ||     7
       Box of beasts     |       |       |       |       |     1 |     1 ||     2
       Condenser vane    |       |       |       |       |       |     1 ||     1
  Use: Potion            |       |     2 |     4 |     6 |     9 |     4 ||    25
       Scroll            |       |     2 |    12 |    15 |     9 |    11 ||    49
 Stab: Distracted        |       |       |       |       |     1 |       ||     1
       Invisible         |       |       |       |       |       |     1 ||     1
Armor: Scale mail        |    43 |   117 |       |       |       |       ||   160
       Chain mail        |       |       |   260 |   411 |   805 |       ||  1476
       Acid dragon scale |       |       |       |    34 |       |       ||    34
       Plate armour      |       |       |       |       |    33 |   205 ||   238
Dodge: Dodged            |    38 |    52 |   113 |   190 |   344 |    76 ||   813
Block: Kite shield       |    46 |   110 |   232 |   100 |       |       ||   488
       Tower shield      |       |       |       |   688 |  1819 |   499 ||  3006
